 Dungeon Crawl Stone Soup version 0.25-a0-869-g05d4e06a41 (webtiles) character file.

Game seed: 11181751602868873527, levelgen mode: deterministic

1717 Maedhros the Martial Artist (level 9, -1/57 HPs)
             Began as an Octopode Chaos Knight on Apr 30, 2020.
             Was a Priest of Cheibriados.
             Slain by a wyvern (shapeshifter) (3 damage)
             ... on level 6 of the Dungeon.
             The game lasted 00:12:29 (3064 turns).

Maedhros the Martial Artist (Octopode Chaos Knight) Turns: 3064, Time: 00:12:30

Health: -1/57      AC:  1    Str: 18    XL:     9   Next: 4%
Magic:  10/10      EV: 14    Int: 22    God:    Cheibriados [***...]
Gold:   287        SH:  4    Dex: 21    Spells: 7/8 levels left

rFire    . . .     SeeInvis .     - Unarmed
rCold    . . .     Gourm    .   l - +0 buckler
rNeg     . . .     Faith    .   (helmet restricted)
rPois    .         Spirit   .   (no amulet)
rElec    .         Reflect  .   (no ring)
rCorr    .         Harm     .   (no ring)
MR       .....     Clarity  +   (no ring)
Stlth    +++.......             (no ring)
HPRegen  0.19/turn              (no ring)
MPRegen  0.12/turn              (no ring)
                                (no ring)
                                (no ring)

@: very slow
A: almost no armour, stealthy swim, amphibious, 8 rings, constrict 8, antennae
2, camouflage 1, clarity, gelatinous body 1
a: Bend Time, Temporal Distortion, Renounce Religion


You were on level 6 of the Dungeon.
You worshipped Cheibriados.
Cheibriados was most pleased with you.
You were not hungry.

You visited 1 branch of the dungeon, and saw 7 of its levels.

You collected 287 gold pieces.

Inventory:

Hand Weapons
 k - a +2 hunting sling
Missiles
 a - 6 atropa-tipped darts
 j - 3 boomerangs (quivered)
 n - 11 poisoned darts
 q - 50 stones
Armour
 l - a +0 buckler (worn)
 s - the +2 ratskin cloak {+Rats rPois rN+ Str-1 Int-1 Dex+1}
   (You found it on level 6 of the Dungeon)

   It affects your strength (-1).
   It affects your intelligence (-1).
   It affects your dexterity (+1).
   It protects you from poison.
   It protects you from negative energy.
Jewellery
 e - a cursed amulet of the acrobat {unknown}
 o - an uncursed ring of teleportation
Wands
 r - a wand of flame (18)
Scrolls
 c - 3 scrolls of enchant armour
 d - 3 scrolls of remove curse
 f - a scroll of noise {unknown}
 g - a scroll of blinking {unknown}
 h - 3 scrolls of identify {unknown}
 m - a scroll of teleportation
 p - a scroll of fear {unknown}
Comestibles
 b - 10 rations


   Skills:
 + Level 3.6 Fighting
   Level 5.6 Polearms
 + Level 3.1 Dodging
 + Level 0.2 Shields
 + Level 9.3 Unarmed Combat
 + Level 2.0 Invocations
 + Level 0.2 Evocations


You had 7 spell levels left.
You knew the following spells:

 Your Spells              Type           Power        Failure   Level  Hunger
a - Animate Skeleton      Necr           N/A          26%         1    ##.....

Your spell library contained the following spells:

 Spells                   Type           Power        Failure   Level  Hunger
 Apportation              Tloc           #.....       26%         1    ##.....
 Corona                   Hex            #......      26%         1    ##.....
 Summon Small Mammal      Summ           #...         26%         1    ##.....


Dungeon Overview and Level Annotations

Branches:
Dungeon (7/15)             Temple (0/1) D:5

Altars:
Cheibriados
Okawaru


Innate Abilities, Weirdness & Mutations

You cannot wear most types of armour.
You are very stealthy in the water. (Stealth+)
You are amphibious.
You can wear up to eight rings at the same time.
You can use your tentacles to constrict eight enemies at once.
Your skin changes colour to match your surroundings (Stealth+).
Your rubbery body absorbs attacks. (AC +1, EV +1)
You have a pair of antennae on your head.
You possess an exceptional clarity of mind.


Message History

You tentacle-slap the wyvern. You squeeze the wyvern.
The wyvern is moderately wounded.
The wyvern bites you!
You are too injured to fight recklessly!
Evoke which item? (* to show all) (? for menu, Esc to quit)
Aiming: Cloud Cone
Press: ? - help, Dir - move target cursor, f - wyvern
Aim: a wyvern shaped shifter (moderately wounded)
You create a blast of poison gas!
The now-empty wand crumbles to dust.
The wyvern is engulfed in poison gas.
The wyvern is poisoned.
The wyvern barely misses you.
You tentacle-slap the wyvern. You squeeze the wyvern.
The wyvern is severely wounded.
The wyvern is engulfed in poison gas.
The wyvern looks even sicker.
The wyvern bites you!
* * * LOW HITPOINT WARNING * * *
The wyvern is engulfed in poison gas.
The wyvern looks even sicker.
The wyvern hisses menacingly.
The wyvern bites you.
You die...

### ##. ...##
##.. .....
..# #..K#
#.## ##..<#
#..## ##...#
#...## #§§.#
#....##
##§l##
#.....##
##..§@##
#[.##..##
##......#
#..###...
##..#.....#
#..# ##..
#..##.....#
#..# ##.
##..##.....#
#..######
##..###....##
###........
##..## #..###
##..........
##..## ####
##..†........
## ##..##
#............


You could see a wyvern shaped shifter.

Vanquished Creatures
  Sigmund (D:5)
  Menkaure (D:5)
  2 ice beasts (D:7)
  An orc warrior (D:7)
  A black bear (shapeshifter) (D:5)
  A phantom (D:5)
  2 bullfrogs (D:6)
  2 killer bees (D:7)
  A howler monkey (D:5)
  2 centaur skeletons (D:5)
  4 hounds
  An orc priest (D:5)
  A jelly (D:7)
  Jessica (D:3)
  2 iguanas
  Ijyb (D:5)
  A hell rat (D:6)
  5 worker ants
  A howler monkey skeleton (D:7)
  6 adders
  6 river rats (D:6)
  A shadow imp (D:5)
  An ooze (D:1)
  2 worms
  2 dart slugs
  4 leopard geckos
  19 orcs
  6 giant cockroaches
  12 goblins
  5 hobgoblins
  9 jackals
  3 quokkas
  6 bats
  5 frilled lizards
  4 kobolds
  19 rats
141 creatures vanquished.

Vanquished Creatures (others)
  A leopard gecko (D:5)
  A quokka skeleton (D:5)
2 creatures vanquished.

Grand Total: 143 creatures vanquished

Notes
Turn   | Place    | Note
-------+----------+-------------------------------------------
     0 | D:1      | Maedhros the Octopode Chaos Knight began the quest for the
                  | Orb.
     0 | D:1      | Reached XP level 1. HP: 16/16 MP: 1/1
    59 | D:1      | Reached XP level 2. HP: 11/21 MP: 2/2
    73 | D:1      | HP: 1/21 [dart slug/slug dart (6)]
   142 | D:1      | XOM: silly message
   181 | D:1      | Reached XP level 3. HP: 2/26 MP: 3/3
   568 | D:1      | You fall into a shaft and drop 1 floor!
   605 | D:2      | Learned a level 1 spell: Animate Skeleton
   624 | D:2      | You fall into a shaft and drop 1 floor!
   655 | D:3      | XOM: silly message
   842 | D:4      | Reached skill level 5 in Polearms
   842 | D:4      | Reached XP level 4. HP: 28/31 MP: 4/4
   875 | D:4      | XOM: silly message
   964 | D:4      | Reached XP level 5. HP: 20/36 MP: 5/5
  1019 | D:4      | Found a snail-covered altar of Cheibriados.
  1048 | D:4      | Fell from the grace of Xom
  1048 | D:4      | Became a worshipper of Cheibriados the Contemplative
  1137 | D:3      | Noticed Jessica
  1152 | D:3      | Killed Jessica
  1152 | D:3      | Reached skill level 1 in Unarmed Combat
  1199 | D:2      | XOM: god gift: wand of flame (24)
  1252 | D:2      | Reached skill level 2 in Unarmed Combat
  1306 | D:2      | Reached * piety under Cheibriados
  1394 | D:1      | XOM: noise
  1411 | D:1      | XOM: give mutations
  1411 | D:1      | Gained mutation: Your body sometimes deteriorates upon
                  | taking damage. [Xom's mischief]
  1411 | D:1      | Gained mutation: You are weak. (Str -2) [Xom's mischief]
  1411 | D:1      | Gained mutation: You tend to lose your temper in combat.
                  | [Xom's mischief]
  1466 | D:2      | XOM: 1-stop teleportation journey
  1703 | D:5      | Entered Level 5 of the Dungeon
  1732 | D:5      | Reached skill level 3 in Unarmed Combat
  1732 | D:5      | Reached XP level 6. HP: 26/42 MP: 6/6
  1803 | D:5      | Noticed Ijyb
  1851 | D:5      | Killed Ijyb
  1897 | D:5      | Noticed a shapeshifter
  1897 | D:5      | an orc changed into a shapeshifter
  1897 | D:5      | XOM: polymorph orc -> shapeshifter
  1898 | D:5      | Noticed a black bear
  1898 | D:5      | a shapeshifter changed into a black bear
  1902 | D:5      | Killed a black bear
  1902 | D:5      | Reached skill level 4 in Unarmed Combat
  1941 | D:5      | Noticed Sigmund
  1955 | D:5      | Killed Sigmund
  1955 | D:5      | Reached skill level 5 in Unarmed Combat
  1955 | D:5      | Reached XP level 7. HP: 25/46 MP: 7/7
  1980 | D:5      | Reached skill level 6 in Unarmed Combat
  1982 | D:5      | Found a staircase to the Ecumenical Temple.
  2134 | D:5      | Noticed Menkaure
  2139 | D:5      | Reached ** piety under Cheibriados
  2143 | D:5      | Killed Menkaure
  2143 | D:5      | Reached skill level 7 in Unarmed Combat
  2143 | D:5      | Reached XP level 8. HP: 27/52 MP: 8/8
  2259 | D:6      | Reached skill level 8 in Unarmed Combat
  2466 | D:6      | Found the +2 ratskin cloak {+Rats rPois rN+ Str-1 Int-1
                  | Dex+1}
  2651 | D:6      | Found an iron altar of Okawaru.
  2678 | D:6      | XOM: enchant monster (bad)
  2722 | D:6      | Reached *** piety under Cheibriados
  2790 | D:7      | Reached skill level 9 in Unarmed Combat
  2821 | D:7      | Noticed a hippogriff
  2843 | D:7      | Reached skill level 1 in Invocations
  2854 | D:7      | Lost mutation: You tend to lose your temper in combat.
                  | [potion of mutation]
  2854 | D:7      | Lost mutation: Your body sometimes deteriorates upon taking
                  | damage. [potion of mutation]
  2854 | D:7      | Lost mutation: You are weak. (Str -2) [potion of mutation]
  2854 | D:7      | Gained mutation: You possess an exceptional clarity of
                  | mind. [potion of mutation]
  2854 | D:7      | Gained mutation: You have a pair of small antennae on your
                  | head. [potion of mutation]
  2854 | D:7      | Gained mutation: You have a pair of antennae on your head.
                  | [potion of mutation]
  2913 | D:7      | Reached XP level 9. HP: 14/57 MP: 10/10
  3052 | D:6      | XOM: polymorph howler monkey -> shapeshifter
  3064 | D:6      | HP: 2/57 [wyvern (shapeshifter) (17)]
  3064 | D:6      | Slain by a wyvern (shapeshifter)

Levels and vault maps discovered:
D:1:      doesnt_arrival_eight_statues, layout_rooms, grunt_decor_arrowhead,
          hangedman_glass_teeth
D:2:      layout_basic, chequers_serial_rivers_micro_d
D:3:      layout_loops_ring, uniq_jessica
D:4:      layout_cave_pools, minivault_23, kennysheep_slug_shrine
D:5:      layout_loops_ring, minmay_temple_entry_crystal_x, first_ration,
          grunt_ministairs_5, uniq_sigmund, uniq_ijyb, uniq_prince_ribbit1,
          uniq_menkaure
D:6:      wander_guarded_unrand_ratskin, layout_cave_pods,
          okawaru_ov_weapons_minmay
D:7:      layout_rooms, minitemple

Skill      XL: |  1  2  3  4  5  6  7  8  9 |
---------------+----------------------------+-----
Polearms       | 4 5 |  5.6
Unarmed Combat | 3 5 7 9 |  9.3
Invocations    | 1 2 |  2.0
Dodging        | 3 |  3.1
Fighting       | |  3.6
Shields        | |  0.2
Evocations     | |  0.2

Action                   |  1- 3 |  4- 6 |  7- 9 || total
-------------------------+-------+-------+-------++-------
Melee: Spear             |    84 |    31 |       ||   115
       Constrict         |    16 |    42 |    29 ||    87
       Tentacles         |     8 |    38 |    46 ||    92
       Unarmed           |       |   121 |   139 ||   260
       Punch             |       |     1 |     6 ||     7
 Fire: Hunting sling     |       |       |    13 ||    13
 Cast: Animate Skeleton  |     1 |       |     4 ||     5
Evoke: Wand              |       |    23 |     3 ||    26
  Use: Potion            |       |     3 |     6 ||     9
       Scroll            |       |       |     7 ||     7
 Stab: Sleeping          |     5 |     7 |    11 ||    23
       Confused          |       |       |     1 ||     1
       Distracted        |       |       |     1 ||     1
  Eat: Chunk             |       |     3 |     2 ||     5
Armor: Skin              |     4 |    11 |     4 ||    19
Dodge: Dodged            |    36 |    79 |    80 ||   195

Table legend:
 A = Non-vault XP
 B = Vault XP
 C = Vault XP percentage of total XP
 D = Non-vault monster count
 E = Vault monster count
 F = Vault count percentage of total count
                 A         B        C        D         E       F
            +---------+---------+-------+---------+---------+-------
      Total |    1783 |     671 |  27.3 |     110 |      31 |  22.0
            +---------+---------+-------+---------+---------+-------
        D:1 |      44 |       0 |   0.0 |      24 |       0 |   0.0
        D:2 |      67 |       0 |   0.0 |      20 |       0 |   0.0
        D:3 |      29 |      37 |  56.1 |      12 |       1 |   7.7
        D:4 |     105 |       4 |   3.7 |      15 |       1 |   6.2
        D:5 |     544 |     502 |  48.0 |      14 |       8 |  36.4
        D:6 |     330 |     128 |  27.9 |      11 |      21 |  65.6
        D:7 |     664 |       0 |   0.0 |      14 |       0 |   0.0
            +---------+---------+-------+---------+---------+-------
